AoeStats
← Wilypf

Arabia

510404037Analyzed
1v1 RM · 1d ago on Sep 30, 2026· 47m 51s· 2 players
Game mode
Random Map
Map size
Tiny (2 player)
Population
200
Speed
Normal
Resources
Standard
Victory
Conquest
Starting age
Dark Age
Ending age
Imperial Age
RankedLock teamsTeams togetherTeam positionsShared explorationLock speedFull tech treeHidden civsTurbo modeCheats
Victory
Defeat
🇪🇨 Mongols · Ecuador
715
+17
🇬🇧 Jurchens · United Kingdom
726
-17
Wilypf
4:31 Loom
10:26 Feudal Age
14:46 Double-Bit Axe
17:06 Castle Age
16:22 Gold Mining
18:35 Fletching
19:37 Stone Mining
22:48 Scale Barding Armor
24:05 Thumb Ring
25:30 Town Watch
27:54 Wheelbarrow
29:57 Padded Archer Armor
33:59 Town Patrol
34:43 Leather Archer Armor
39:34 Imperial Age
42:54 Conscription
45:18 Gold Shaft Mining
45:17 Hand Cart
46:28 Chemistry
46:44 Bodkin Arrow
Crystella
5:01 Loom
12:02 Feudal Age
14:27 Double-Bit Axe
17:09 Fletching
19:05 Scale Barding Armor
19:14 Forging
24:11 Castle Age
24:57 Bodkin Arrow
32:49 Bow Saw
33:05 Fortified Bastions
Connection lost

Rejoining the realm…

Still unreachable

The connection could not be restored.

Session expired

The server has moved on; the page needs a fresh start.